groovejumper, chaotic female elven Wizard ---------- ------ |.........## |..B..######## |........| # ##-.@..| # -------- |........+0######## # --|--- ### |>.....| ---.------################0## ### # # |......| ## # ###------------|-- # ### ##.......| # #-..............########## # |......| # |.^...........| ## |......| # |..............############## ---.- -------- # |.............| # |...| # --------------- ##....-######### --------.-- |...| ) |.........| ####################################....| ### |..<......| # |.^.| # -------- |.........| ## ----- ##)......| |.........| |....))| |.........| |......| ----------- |..(..)| -------- groovejumper the Conjurer Experience level: 5 Strength: 13 Dexterity: 9 Constitution: 16 Intelligence: 20 Wisdom: 7 Charisma: 10 Health: 0(31) Energy: 43(45) AC: 9 Gold: 0 Moves: 1412 Your Inventory: Weapons a - a blessed +1 quarterstaff (weapon in hands) Armor b - an uncursed +0 cloak of magic resistance (being worn) p - an uncursed -1 pair of levitation boots Comestibles t - 3 [uncursed] food rations u - 3 [uncursed] fortune cookies w - an [uncursed] candy bar Scrolls j - an uncursed scroll of enchant weapon k - a blessed scroll of light r - an uncursed scroll of remove curse v - an [uncursed] scroll labeled VELOX NEB [of taming] z - a [blessed] scroll of light C - a cursed scroll of fire Spellbooks l - a blessed spellbook of force bolt m - an uncursed spellbook of create monster Potions f - an uncursed potion of healing g - an uncursed potion of extra healing h - an uncursed potion of speed o - a [cursed] potion of speed x - an [uncursed] potion of extra healing A - a [cursed] yellow potion [of sickness] B - a [cursed] amber potion [of monster detection] D - a [cursed] amber potion [of monster detection] Rings d - an uncursed ring of conflict (on left hand) e - an uncursed +3 ring of protection s - an uncursed ring of regeneration (on right hand) Wands c - an uncursed wand of speed monster (0:3) Tools n - an uncursed bell y - an [uncursed] key [skeleton key] Spells known in the end: Name Level Category Fail Memory a - force bolt 1 attack 0% [||||||||] b - create monster 2 clerical 39% [||||||||] Your skills at the end: Fighting Skills Weapon Skills quarterstaff [Basic / Expert] Spellcasting Skills attack spells [Basic / Expert] enchantment spells [Basic / Skilled] Final Attributes: You were devoutly aligned. Hunger level was 722. Your alignment was 17 / 17. Monster difficulty range was 0 - 4. Level difficulty was 3. You were immune to sleep. You were magic-protected. You saw invisible. You had infravision. You caused conflict. You regenerated. You were fast. Your luck was zero. You are dead. Vanquished creatures: a small mimic 2 floating eyes 2 acid blobs a yellow mold 7 Keystone Kops 2 geckos 4 jackals a fox a kobold 3 goblins 2 sewer rats a bat a kobold zombie 2 newts 30 creatures vanquished. Voluntary challenges: You used a wielded weapon 17 times. You read items or engraved 1 time. You put on armor 2 times. You never genocided any monsters. You never polymorphed an object. You never changed form. You used no wishes. You never wrote Elbereth's name. You never encountered a bones level. You never used any Sokoban shortcuts. Dungeon overview: The Dungeons of Doom: levels 1 to 3 Level 1 some sinks a long staircase Level 2 a long staircase Level 3 <- You were here a general store portal to Advent Calendar Advent Calendar: Level 5 many trees portal to The Dungeons of Doom History has recorded: On T:1 you entered the Dungeons of Doom to retrieve the Amulet of Yendor! On T:374 you reached level 2 of The Dungeons of Doom. On T:453 you advanced to experience level 2. On T:636 you reached level 3 of The Dungeons of Doom. On T:715 you advanced to experience level 3. On T:952 you reached level 1 of Advent Calendar. On T:1166 you advanced to experience level 4. On T:1341 you advanced to experience level 5. Latest messages: [HP+1=25] Wonotobo zaps a wand of striking! Boing! [HP+1=26] [HP+1=27] [HP+1=28] [HP+1=29] [HP+1=30] [HP+1=31] You kill the sewer rat! The sewer rat misses the bat. The bat misses the sewer rat. You kill the sewer rat! The bat bites! Wonotobo swings her rubber hose. Wonotobo hits! Wonotobo swings her rubber hose. Wonotobo hits! Wonotobo swings her rubber hose. Wonotobo hits! You die... Wonotobo takes all your possessions. Final status: Goodbye groovejumper the Wizard... You died in The Dungeons of Doom on dungeon level 3 with 780 points, and 0 pieces of gold, after 1412 moves. You were level 5 with a maximum of 31 hit points when you died.